 Dungeon Crawl Stone Soup version 0.20.0-8-g6b59dc7 (webtiles) character file.

88045 Ijustatesigmund the Warrior (level 15, -1/133 HPs)
             Began as a Minotaur Fighter on June 1, 2017.
             Was a High Priest of Okawaru.
             Slain by a sun demon (4 damage)
             ... summoned by an orc high priest
             ... on level 2 of the Orcish Mines.
             The game lasted 01:14:35 (26865 turns).

Ijustatesigmund the Warrior (Minotaur Fighter)     Turns: 26865, Time: 01:14:37

Health: -1/133     AC: 39    Str: 23    XL:     15   Next: 45%
Magic:  17/24      EV: 11    Int:  5    God:    Okawaru [*****.]
Gold:   1983       SH: 20    Dex: 14    Spells: 14/14 levels left

rFire    + + .     SeeInvis .   a - +6 morningstar (protect)
rCold    + . .     Gourm    .   c - +2 shield {rPois}
rNeg     + . .     Faith    .   f - +1 crystal plate armour
rPois    +         Spirit   .   E - +1 hat of Sueggen {rF+ rN+ Slay+2}
rElec    .         Reflect  +   y - +1 cloak {+Inv}
rCorr    +         Harm     .   n - +2 pair of gloves
MR       +....     Rnd*Rage +   u - +2 pair of boots
Stlth    ..........             d - +6 amulet of reflection (curse)
Regen    0.4/turn               H - ring of resist corrosion
MPRegen  0.2/turn               C - ring of protection from fire

@: heroism, finesse
A: retaliatory headbutt, horns 2, berserk 1, cold resistance 1, frail 1
a: Heroism, Finesse, Renounce Religion, Evoke Invisibility


You were on level 2 of the Orcish Mines.
You worshipped Okawaru.
Okawaru was extremely pleased with you.
You were not hungry.

You visited 4 branches of the dungeon, and saw 22 of its levels.
You also visited: Bailey, Ice Cave and Volcano.

You collected 2055 gold pieces.
You spent 72 gold pieces at shops.

Inventory:

Hand Weapons
 a - a +6 morningstar of protection (weapon)
Missiles
 t - 17 javelins of returning (quivered)
Armour
 b - a +3 chain mail of fire resistance
 c - a +2 shield of poison resistance (worn)
 f - a +1 crystal plate armour (worn)
 n - a +2 pair of gloves (worn)
 u - a +2 pair of boots (worn)
 y - a +1 cloak of invisibility (worn)
 E - the +1 hat of Sueggen (worn) {rF+ rN+ Slay+2}
   (You found it on level 9 of the Dungeon)

   It affects your accuracy and damage with ranged weapons and melee attacks
   (+2).
   It protects you from fire.
   It protects you from negative energy.
Jewellery
 d - a cursed +6 amulet of reflection (around neck)
 e - an uncursed ring of protection from magic
 g - an uncursed ring of see invisible
 x - an uncursed ring of ice
 C - a ring of protection from fire (right hand)
 H - a ring of resist corrosion (left hand)
 K - an uncursed amulet of rage
Wands
 B - a wand of enslavement (12/24)
 D - a wand of clouds (5/9)
 L - a wand of iceblast (9/15)
 O - a wand of disintegration (19/24)
 S - a wand of acid (9/15)
Scrolls
 h - 15 scrolls of remove curse
 j - a scroll of identify
 l - 4 scrolls of fog
 q - 6 scrolls of teleportation
 r - 2 scrolls of fear
 s - 3 scrolls of enchant armour
 F - a scroll of magic mapping
 M - a scroll of blinking
 X - a scroll of recharging
Potions
 i - 3 potions of brilliance
 m - 4 potions of lignification
 o - 11 potions of curing
 v - 3 potions of flight
 w - 4 potions of agility
 J - 2 potions of invisibility
 P - a potion of ambrosia
 T - a potion of haste
 V - 2 potions of resistance
 W - 3 potions of heal wounds
 Y - a potion of berserk rage
 Z - a potion of might
Comestibles
 k - 10 meat rations
 z - 5 bread rations
 A - 28 fruits


   Skills:
 - Level 17.7(22.7) Fighting
 - Level 16.3(21.3) Maces & Flails
 + Level 15.0(20.0) Armour
 - Level 8.0(13.0) Dodging
 - Level 5.2(10.2) Shields
 + Level 14.2 Invocations


You had 14 spell levels left.
You didn't know any spells.

Dungeon Overview and Level Annotations

Branches:
Dungeon (13/15)            Temple (1/1) D:6            Lair (6/6) D:11
  Swamp (0/4) Lair:2       Spider (0/4) Lair:3        Slime (0/5) Lair:6
    Orc (2/2) D:11            Elf (0/3) Orc:2
 Vaults: D:13-14

Altars:
Ashenzari
Cheibriados
Dithmenos
Elyvilon
Fedhas
Gozag
Hepliaklqana
Kikubaaqudgha
Makhleb
Nemelex Xobeh
Okawaru
Qazlal
Ru
Sif Muna
Trog
Uskayaw
Vehumet
Xom
Yredelemnul
Zin
The Shining One
Jiyva

Shops:
D:8 }   D:10 :   Orc:2 ?%


Innate Abilities, Weirdness & Mutations

You reflexively headbutt those who attack you in melee.
You have a pair of horns on your head.
You tend to lose your temper in combat.
Your flesh is cold resistant. (rC+)
You are frail. (-10% HP)


Message History

* * * LOW HITPOINT WARNING * * *
You are engulfed in flames.
You resist.
* * * LOW HITPOINT WARNING * * *
An orc sorcerer comes into view. It is wielding a dagger.
You can now deal lightning-fast blows.
You block the sun demon's attack. You block the orc warrior's attack.
An orc high priest comes into view. It is wielding a glaive.
As you read the scroll of fear, it crumbles to dust.
You assume a fearsome visage.
The orc knight looks frightened!
The orc high priest looks frightened! x2; The orc warrior looks frightened! x3
The rust devil is unaffected.
The orc priest looks frightened!
The sun demon is unaffected.
The soul eater is unaffected.
The sun demon is unaffected.
The orc sorcerer looks frightened!
The orc high priest moves out of view.
The soul eater draws from the surrounding life force!
* * * LOW HITPOINT WARNING * * *
The sun demon hits you!
* * * LOW HITPOINT WARNING * * *
You are engulfed in flames.
You resist.
You die...

### . # #... .. ##
#.... ... .### #.#o.
.... .#.# #.o.. #...
.#.### ##o.o# #..
.....# ##.o.# #.
)....## ##333# #
....#.## ##oo@# #
...#.))## ##.#.##
....#...####...##
....#.....###.#.##
##.#.#.....###...## #
###.........###...##
## ##
.#.......##..###...##
##.. ##.
#...#.##.###..###...##
##... ##.. ...#######
##..###(..###...###..#


You could see an orc knight (fleeing), a soul eater, an orc high priest
(fleeing), 2 sun demons, an orc sorcerer (fleeing), 3 orc warriors and an orc
priest (fleeing).

Vanquished Creatures
  Gastronok (D:8)
  Frances (D:12)
  A frost giant (IceCv)
  An orc warlord (Orc:2)
  Nessos (Lair:6)
  Azrael (D:13)
  Josephine (Orc:1)
  Fannar (Lair:2)
  An ogre mage (Orc:1)
  4 hydras
  Erica (D:8)
  A catoblepas (D:13)
  2 centaur warriors (D:13)
  A merfolk avatar (Lair:6)
  A death knight (D:11)
  11 two-headed ogres
  10 death yaks
  An unseen horror (D:11)
  6 skeletal warriors
  2 sea snakes (Lair:6)
  A swamp dragon (Lair:2)
  A phantasmal warrior (D:12)
  2 orc knights (Orc:2)
  A cyclops (D:13)
  2 oklob plants (D:11)
  3 salamanders (Volcano)
  A deep elf mage (D:13)
  An orc sorcerer (Orc:2)
  A manticore (Lair:6)
  3 black mambas
  14 elephants
  An orange demon (Orc:2)
  2 centaur zombies
  2 ice statues (IceCv)
  11 spiny frogs
  3 rime drakes
  2 freezing wraiths (D:12)
  5 komodo dragons
  19 polar bears
  4 trolls
  2 jumping spiders (Lair:3)
  3 hornets
  7 blink frogs
  2 dream sheep (D:8)
  10 hippogriffs
  Sigmund (D:5)
  2 vampires
  4 wraiths
  4 wyverns
  41 yaks
  A fire bat (Volcano)
  A fire elemental (D:13)
  Grum (D:8)
  4 basilisks
  Eustachio (D:5)
  2 hungry ghosts
  4 vampire mosquitoes (D:12)
  2 wargs (Orc:2)
  8 hell hounds
  An acid dragon (D:13)
  Duvessa (D:4)
  A sky beast (D:10)
  10 water moccasins
  3 ice beasts
  6 porcupines
  33 orc warriors
  2 phantoms
  4 black bears
  10 ogres
  18 wolves
  13 crocodiles
  22 centaurs
  5 big kobolds
  A gnoll sergeant (D:8)
  13 bullfrogs
  Dowan (D:4)
  2 water moccasin skeletons
  4 scorpions
  A wyvern skeleton (D:13)
  11 killer bees
  4 electric eels
  3 howler monkeys
  9 wights
  2 crimson imps
  4 bullfrog zombies
  3 quasits
  4 hounds
  24 orc priests
  2 jellies
  22 orc wizards
  Ijyb (D:4)
  An iron imp (D:8)
  A bullfrog skeleton (D:13)
  2 centaur skeletons
  Natasha (twice) (D:4)
  10 iguanas
  11 worker ants
  A hound zombie (D:4)
  3 hound skeletons
  A worker ant zombie (D:10)
  15 gnolls
  A howler monkey skeleton (D:7)
  9 adders
  2 shadow imps
  An ooze (D:6)
  An adder zombie (D:5)
  A worm (D:7)
  A dart slug (D:2)
  4 leopard geckos
  100 orcs
  7 giant cockroaches
  12 goblins
  8 hobgoblins
  11 jackals
  5 quokkas
  A ball python (D:1)
  3 bats
  5 frilled lizards
  18 kobolds
  2 leopard gecko skeletons
  7 rats
  2 plants (D:11)
716 creatures vanquished.

Vanquished Creatures (others)
  A centaur (Volcano)
  A fungus (Lair:6)
  6 plants (Lair:6)
8 creatures vanquished.

Grand Total: 724 creatures vanquished

Notes
Turn   | Place    | Note
-------+----------+-------------------------------------------
     0 | D:1      | Ijustatesigmund the Minotaur Fighter began the quest for the Orb.
     0 | D:1      | Reached XP level 1. HP: 19/19 MP: 0/0
   191 | D:1      | Reached XP level 2. HP: 13/27 MP: 1/1
   706 | D:2      | Reached skill level 4 in Fighting
   766 | D:2      | Reached XP level 3. HP: 12/33 MP: 2/2
  1340 | D:1      | Reached XP level 4. HP: 38/41 MP: 3/3
  1864 | D:2      | Reached skill level 5 in Maces & Flails
  2219 | D:3      | Reached skill level 5 in Fighting
  2274 | D:3      | Reached XP level 5. HP: 39/48 MP: 4/4
  2277 | D:3      | Found a burning altar of Makhleb.
  2510 | D:4      | Reached skill level 1 in Dodging
  2616 | D:4      | Noticed Natasha
  2625 | D:4      | Killed Natasha
  2731 | D:4      | Found a sparkling altar of Nemelex Xobeh.
  2926 | D:4      | Noticed Ijyb
  2930 | D:4      | Reached XP level 6. HP: 56/56 MP: 5/5
  2932 | D:4      | Noticed Natasha
  2944 | D:4      | Killed Ijyb
  2951 | D:4      | Killed Natasha
  3107 | D:4      | Noticed Duvessa
  3107 | D:4      | Noticed Dowan
  3198 | D:5      | Entered Level 5 of the Dungeon
  3416 | D:5      | Reached skill level 6 in Fighting
  3418 | D:5      | Reached XP level 7. HP: 63/63 MP: 6/6
  4065 | D:5      | Noticed Sigmund
  4074 | D:5      | Killed Sigmund
  4531 | D:5      | Noticed Eustachio
  4569 | D:5      | Killed Eustachio
  4569 | D:5      | Reached skill level 7 in Fighting
  4569 | D:5      | Reached XP level 8. HP: 73/73 MP: 7/7
  4890 | D:6      | Identified a scroll of acquirement
  4962 | D:6      | Found a deep blue altar of Sif Muna.
  5185 | D:6      | Found a staircase to the Ecumenical Temple.
  5193 | D:6      | Reached skill level 10 in Maces & Flails
  5201 | D:6      | Reached skill level 5 in Armour
  5333 | Temple   | Entered the Ecumenical Temple
  5601 | Temple   | Became a worshipper of Warmaster Okawaru
  5638 | D:6      | Reached skill level 5 in Shields
  5638 | D:6      | Reached XP level 9. HP: 44/81 MP: 8/8
  5642 | D:6      | Reached skill level 8 in Fighting
  5862 | D:7      | Found a flagged portal.
  5869 | Bailey   | Entered a bailey
  5902 | Bailey   | Reached skill level 1 in Invocations
  6143 | Bailey   | Reached * piety under Okawaru
  6602 | Bailey   | Reached ** piety under Okawaru
  7041 | Bailey   | Reached skill level 5 in Invocations
  7725 | D:7      | Reached XP level 10. HP: 90/90 MP: 12/12
  7781 | D:7      | Reached skill level 9 in Fighting
  7972 | D:4      | Killed Duvessa
  7977 | D:4      | Killed Dowan
  8506 | D:7      | Found an iron altar of Okawaru.
  8647 | D:8      | Reached skill level 10 in Fighting
  8973 | D:8      | Noticed Grum
  8985 | D:8      | Killed Grum
  9028 | D:8      | Noticed Gastronok
  9045 | D:8      | Killed Gastronok
  9045 | D:8      | Reached *** piety under Okawaru
  9045 | D:8      | Reached skill level 12 in Fighting
  9091 | D:8      | Found Qourch's Gadget Shoppe.
  9150 | D:8      | Reached **** piety under Okawaru
  9205 | D:8      | Noticed Erica
  9219 | D:8      | Killed Erica
  9219 | D:8      | Reached skill level 13 in Fighting
  9469 | D:8      | Reached XP level 11. HP: 105/107 MP: 16/16
  9623 | D:8      | Noticed a three-headed hydra
  9629 | D:8      | Killed a three-headed hydra
  9629 | D:8      | Reached skill level 14 in Fighting
  9928 | D:8      | Found a snail-covered altar of Cheibriados.
 10003 | D:8      | Reached ***** piety under Okawaru
 10336 | D:9      | Noticed a two-headed ogre
 10345 | D:9      | Killed a two-headed ogre
 10345 | D:9      | Received a gift from Okawaru
 10345 | D:9      | Reached skill level 15 in Fighting
 10635 | D:9      | Got a brightly glowing hat
 10646 | D:9      | Identified the +1 hat of Sueggen {rF+ rN+ Slay+2} (You found it on level 9 of the Dungeon)
 11124 | D:10     | Entered Level 10 of the Dungeon
 11345 | D:10     | Found Rumpaas's Book Shop.
 11591 | D:10     | Reached skill level 10 in Invocations
 12192 | D:11     | Found a staircase to the Orcish Mines.
 12268 | D:11     | Reached skill level 16 in Fighting
 12411 | D:11     | Noticed an oklob plant
 12418 | D:11     | Noticed an oklob plant
 13174 | D:11     | Found an ancient bone altar of Kikubaaqudgha.
 13262 | D:11     | Reached XP level 12. HP: 104/122 MP: 18/18
 13456 | D:11     | Noticed a death knight
 14071 | D:12     | Noticed Frances
 14091 | D:12     | Killed Frances
 14091 | D:12     | Reached skill level 17 in Fighting
 14254 | D:12     | Noticed a two-headed ogre
 14261 | D:12     | Killed a two-headed ogre
 14270 | D:12     | Found a frozen archway.
 14281 | IceCv    | Entered an ice cave
 14610 | IceCv    | Received a gift from Okawaru
 14613 | IceCv    | Got a scorched dire flail {god gift}
 14920 | IceCv    | Identified the +2 dire flail of the Revolution {venom, Str+4} (Okawaru gifted it to you in an ice cave)
 15436 | IceCv    | Noticed a frost giant
 15455 | IceCv    | Killed a frost giant
 15459 | IceCv    | Reached skill level 5 in Dodging
 15772 | IceCv    | Reached XP level 13. HP: 122/134 MP: 20/20
 16597 | D:13     | Noticed Azrael
 16661 | D:13     | Killed Azrael
 16661 | D:13     | Received a gift from Okawaru
 16664 | D:13     | Got a twisted scarf {god gift}
 16670 | D:13     | Identified the scarf of Hadjma {rElec rF- Int+3} (Okawaru gifted it to you on level 13 of the Dungeon)
 17055 | D:13     | Reached ****** piety under Okawaru
 17933 | D:13     | Reached skill level 10 in Armour
 18372 | D:11     | Found a staircase to the Lair.
 18417 | Lair:1   | Entered Level 1 of the Lair of Beasts
 18429 | Lair:1   | Got an encrusted flail
 18430 | Lair:1   | Identified the +1 flail of the Mushroom {pain, Int+2} (You found it on level 1 of the Lair of Beasts)
 19742 | Lair:2   | Found a staircase to the Swamp.
 19809 | Lair:2   | Noticed Fannar
 19826 | Lair:2   | Killed Fannar
 19826 | Lair:2   | Reached XP level 14. HP: 114/141 MP: 22/22
 20844 | Lair:3   | Found a hole to the Spider Nest.
 20907 | Lair:3   | Reached skill level 15 in Maces & Flails
 21756 | Lair:4   | Received a gift from Okawaru
 22806 | Lair:5   | Found a dark tunnel.
 22819 | Volcano  | Entered a volcano
 23553 | Lair:6   | Entered Level 6 of the Lair of Beasts
 23830 | Lair:6   | Noticed Nessos
 23835 | Lair:6   | Killed Nessos
 23942 | Lair:6   | Received a gift from Okawaru
 24246 | Lair:6   | Reached XP level 15. HP: 148/148 MP: 22/24
 24754 | Lair:6   | Found a viscous altar of Jiyva.
 24754 | Lair:6   | Found a staircase to the Slime Pits.
 25311 | Orc:1    | Entered Level 1 of the Orcish Mines
 25480 | Orc:1    | Noticed Josephine
 25489 | Orc:1    | Killed Josephine
 25565 | Orc:2    | Entered Level 2 of the Orcish Mines
 25617 | Orc:1    | Received a gift from Okawaru
 25869 | Orc:2    | Found Rygoav's Magic Scroll Boutique.
 25901 | Orc:2    | Found Miczyboe's Food Shop.
 26364 | Orc:2    | Bought a scroll of identify for 24 gold pieces
 26364 | Orc:2    | Bought a scroll of identify for 24 gold pieces
 26364 | Orc:2    | Bought a scroll of identify for 24 gold pieces
 26366 | Orc:2    | Gained mutation: Your body sometimes deteriorates upon taking damage. [potion of mutation]
 26366 | Orc:2    | Gained mutation: Your body often deteriorates upon taking damage. [potion of mutation]
 26366 | Orc:2    | Gained mutation: Your flesh is cold resistant. (rC+) [potion of mutation]
 26367 | Orc:2    | Lost mutation: Your body often deteriorates upon taking damage. [potion of mutation]
 26367 | Orc:2    | Lost mutation: Your body sometimes deteriorates upon taking damage. [potion of mutation]
 26367 | Orc:2    | Gained mutation: You are weak. (Str -2) [potion of mutation]
 26367 | Orc:2    | Gained mutation: You tend to lose your temper in combat. [potion of mutation]
 26367 | Orc:2    | Gained mutation: You are frail. (-10% HP) [potion of mutation]
 26367 | Orc:2    | Lost mutation: You are weak. (Str -2) [potion of mutation]
 26503 | Orc:2    | Noticed an orc warlord
 26545 | Orc:2    | Killed an orc warlord
 26545 | Orc:2    | Reached skill level 15 in Armour
 26710 | Orc:2    | Found a staircase to the Elven Halls.
 26865 | Orc:2    | HP: 3/133 [sun demon[an orc high priest] (16)]
 26865 | Orc:2    | Slain by a sun demon

Skill      XL: |  1  2  3  4  5  6  7  8  9 10 11 12 13 14 15 |
---------------+----------------------------------------------+-----
Maces & Flails | 3 4 5 6 7 8 10 11 13 14 16 | 16.3
Fighting       | 4 5 6 7 8 13 16 17 | 17.7
Dodging        | 1 2 4 5 8 |  8.0
Shields        | 5 |  5.2
Armour         | 5 8 10 13 15 | 15.0
Invocations    | 5 8 10 11 12 13 14 | 14.2

Action                   |  1- 3 |  4- 6 |  7- 9 | 10-12 | 13-15 || total
-------------------------+-------+-------+-------+-------+-------++-------
Melee: Flail             |   109 |   139 |   370 |   278 |       ||   896
       Headbutt          |    12 |    18 |    65 |   164 |   287 ||   546
       Unarmed           |       |     7 |       |       |       ||     7
       Morningstar       |       |       |       |   536 |  1124 ||  1660
Throw: Javelin           |       |       |     6 |     2 |    11 ||    19
Invok: Heroism           |       |       |     3 |     9 |    11 ||    23
       Finesse           |       |       |       |     3 |     7 ||    10
Evoke: Wand              |       |       |     8 |     3 |       ||    11
  Use: Scroll            |     1 |    11 |     4 |     6 |    18 ||    40
       Potion            |       |     2 |     9 |     2 |     2 ||    15
  Eat: Chunk             |     2 |     6 |     7 |    25 |    18 ||    58
       Royal jelly       |       |       |     1 |       |     8 ||     9
       Bread ration      |       |       |     1 |       |       ||     1
       Fruit             |       |       |       |     3 |     3 ||     6
Armor: Scale mail        |    55 |    66 |   189 |   305 |   155 ||   770
       Chain mail        |       |       |       |       |   118 ||   118
       Crystal plate arm |       |       |       |       |    65 ||    65
Dodge: Dodged            |    37 |    65 |   196 |   274 |   289 ||   861
Block: Shield            |    56 |    69 |   311 |   497 |   716 ||  1649
       Reflection        |       |       |       |       |     8 ||     8
